 Dungeon Crawl Stone Soup version 0.26-a0-610-g3e9335bbc7 (webtiles) character file.

Game seed: 10169711710821926627

38 Descartes the Ducker (level 3, -8/17 HPs)
             Began as a Felid Monk on Sept 4, 2020.
             Mangled by a worm (10 damage)
             ... on level 2 of the Dungeon.
             The game lasted 00:01:40 (1094 turns).

Descartes the Ducker (Felid Monk)                   Turns: 1094, Time: 00:01:41

Health: -8/17      AC:  1    Str:  8    XL:     3   Next: 25%
Magic:  4/4        EV: 20    Int: 11    God:
Gold:   115        SH:  0    Dex: 18    Spells: 2/2 levels left
                                        Lives:  0   Deaths: 0

rFire    . . .     SeeInvis +     - Unarmed
rCold    . . .     Faith    .   (shield unavailable)
rNeg     . . .     Spirit   .   (armour unavailable)
rPois    .         Reflect  .   (helmet unavailable)
rElec    .         Harm     .   (cloak unavailable)
rCorr    .                      (gloves unavailable)
MR       .....                  (boots unavailable)
Stlth    +++.......             (no amulet)
HPRegen  0.05/turn              i - ring of wizardry
MPRegen  0.09/turn              (no ring)

@: quick
A: very small, no armour, no weapons or thrown items, stealth, claws 1, fangs 3,
see invisible, speed 1, shaggy fur 1, sharp paws
a: no special abilities


You were on level 2 of the Dungeon.
You visited 1 branch of the dungeon, and saw 2 of its levels.

You collected 115 gold pieces.

Inventory:

Missiles
 j - 13 arrows
Jewellery
 i - a ring of wizardry (left paw)
Scrolls
 a - 2 scrolls of enchant weapon {unknown}
 b - a scroll of enchant armour {unknown}
 d - a scroll of identify {unknown}
 e - a scroll of immolation {unknown}
Potions
 c - a potion of curing {unknown}
 f - a potion of stabbing {unknown}
 g - a potion of brilliance {unknown}
 h - a potion of haste {unknown}
 k - a potion of invisibility {unknown}


   Skills:
 + Level 3.3 Fighting
 + Level 4.5 Dodging
 + Level 3.5 Stealth
 + Level 3.3 Unarmed Combat


You had 2 spell levels left.
You didn't know any spells.
Your spell library was empty.

Dungeon Overview and Level Annotations

Branches:
Dungeon (2/15)

Altars:
Ashenzari
Nemelex Xobeh
Ru
Uskayaw


Innate Abilities, Weirdness & Mutations

You cannot wear armour.
You are incapable of wielding weapons or throwing items.
Your paws allow you to move quietly. (Stealth)
You have sharp claws.
You have razor-sharp teeth.
You have supernaturally acute eyesight. (SInv)
You cover ground quickly.
You are covered in fur. (AC +1)
Your sharp claws are effective at attacking unaware monsters.


Message History

The worm is lightly wounded.
You scratch the worm.
The worm is moderately wounded.
The worm barely misses you.
You scratch the worm.
The worm is heavily wounded.
You barely miss the worm. You bite the worm.
The worm is heavily wounded.
The worm completely misses you.
You barely miss the worm.
The worm is heavily wounded.
The worm bites you.
* * * LOW HITPOINT WARNING * * *
You scratch the worm.
The worm is severely wounded.
You scratch the worm.
The worm is almost dead.
The worm bites you!
Ouch! That really hurt!
You die...

............>...########
................#
.....######.....#
.†...######.....########
........(.'............
###########..........#
#..........+
###........# #...@....#
#...†w...# #........#
#...?....# #........#
#........# ##########


You could see a worm.

Vanquished Creatures
  An adder (D:2)
  An ooze (D:1)
  A leopard gecko (D:2)
  A giant cockroach (D:2)
  3 goblins
  3 hobgoblins
  3 jackals (D:2)
  2 kobolds (D:1)
  4 bats
  A frilled lizard (D:1)
  2 rats
22 creatures vanquished.

Notes
Turn   | Place    | Note
-------+----------+-------------------------------------------
     0 | D:1      | Descartes the Felid Monk began the quest for the Orb.
     0 | D:1      | Reached XP level 1. HP: 10/10 MP: 2/2
    82 | D:1      | Reached XP level 2. HP: 12/14 MP: 3/3
   603 | D:2      | Found a faded altar of an unknown god.
   660 | D:2      | Found a hide-covered altar of Uskayaw.
   675 | D:2      | Reached XP level 3. HP: 10/17 MP: 4/4
   823 | D:2      | Found a shattered altar of Ashenzari.
   922 | D:2      | Found a sparkling altar of Nemelex Xobeh.
   962 | D:2      | Found a sacrificial altar of Ru.
  1094 | D:2      | Mangled by a worm

Illustrated notes

Levels and vault maps discovered:
D:1:      dpeg_arrival_rooms_b, layout_rooms
D:2:      layout_basic, nicolae_overflow_quartered_altars,
          chequers_ecumenical_altar_simple_redux

Skill      XL: |  1 |
---------------+----+-----
Stealth        | 3 |  3.5
Fighting       | |  3.3
Dodging        | |  4.5
Unarmed Combat | |  3.3

Action                   || total
-------------------------++-------
Melee: Unarmed           ||    79
       Punch             ||     1
       Bite              ||     7
 Stab: Sleeping          ||     5
Armor: Skin              ||     2
Dodge: Dodged            ||    63

Table legend: (Time is in decaauts)
 A = Elapsed time spent in this place.
 B = Non-inter-level travel time spent in this place.
 C = Inter-level travel time spent in this place.
 D = Time resting spent in this place.
 E = Time spent auto-exploring this place.
 F = Levels seen in this place.
 G = Mean time per level.
                   A        B        C        D        E       F      G
               +--------+--------+--------+--------+--------+-----+--------+
         Total |    965 |    945 |     20 |      0 |    787 |   2 |  482.5 |
       Dungeon |    965 |    945 |     20 |      0 |    787 |   2 |  482.5 |
               +--------+--------+--------+--------+--------+-----+--------+

Top non-repeatable levels by time:
     D:1: 535 daAuts
     D:2: 429 daAuts
